 Dungeon Crawl Stone Soup version 0.27-a0-67-g4bfc8a49e1 (webtiles) character file.

Game seed: 15451097540892641955

11104 Borgoz the Slicer (level 12, -8/82 HPs)
             Began as a Halfling Gladiator on Jan 9, 2021.
             Was a Follower of Ashenzari.
             Mangled by a centaur warrior simulacrum (11 damage)
             ... in a Gauntlet.
             The game lasted 00:27:59 (14620 turns).

Borgoz the Slicer (Halfling Gladiator)             Turns: 14620, Time: 00:27:59

Health: -8/82      AC: 15    Str: 24    XL:     12   Next: 3%
Magic:  14/14      EV: 21    Int:  6    God:    Ashenzari [*.....]
Gold:   394        SH:  0    Dex: 21    Spells: 11/14 levels left

rFire    x . .     SeeInvis .   b - +1 rapier
rCold    + . .     Faith    .   (shield restricted)
rNeg     . . .     Spirit   .   z - +1 scale mail of Intercession {rElec Str+6}
rPois    .         Reflect  .   r - +2 hat
rElec    +         Harm     .   (no cloak)
rCorr    .         Rampage  .   G - +0 pair of fencer's gloves {Riposte Dex+3} (curse)
Will     .....     NoTele   +   w - +1 pair of boots
Stlth    ++........             (no amulet)
HPRegen  0.23/turn              B - ring of ice
MPRegen  0.14/turn              k - +4 ring of slaying

@: very slightly contaminated, invisible
A: small, mutation resistance 1
a: Renounce Religion, Curse Item, Scrying


You were in a Gauntlet.
You worshipped Ashenzari.
Ashenzari was aware of your devotion.
You visited 2 branches of the dungeon, and saw 13 of its levels.
You also visited: Gauntlet.

You collected 634 gold pieces.
You spent 240 gold pieces at shops.

Inventory:

Hand Weapons
 a - a +2 short sword of speed
 b - a +1 rapier (weapon)
Missiles
 d - a throwing net (quivered)
Armour
 r - a +2 hat (worn)
 w - a +1 pair of boots (worn)
 z - the +1 scale mail of Intercession (worn) {rElec Str+6}
   (You found it on level 11 of the Dungeon)

   It affects your strength (+6).
   It insulates you from electricity.
 D - a +1 ring mail of cold resistance
 G - the cursed +0 pair of fencer's gloves (worn) {Riposte Dex+3}
   (You found it on level 10 of the Dungeon)

   It affects your dexterity (+3).
   It has a curse placed upon it.
Jewellery
 f - a +4 ring of evasion
 h - an uncursed ring of fire
 i - an uncursed ring of poison resistance
 k - a +4 ring of slaying (right hand)
 l - an uncursed amulet of faith
 u - a +6 ring of strength
 B - a ring of ice (left hand)
Wands
 e - a wand of paralysis (7)
 y - a wand of disintegration (8)
 C - a wand of random effects (14)
Scrolls
 o - 3 scrolls of teleportation
 p - 2 scrolls of enchant armour
 v - a scroll of remove curse
 A - a scroll of fog
Potions
 c - a potion of mutation
 g - 3 potions of degeneration {unknown}
 j - 4 potions of magic
 m - 4 potions of invisibility
 n - 2 potions of resistance {unknown}
 s - 2 potions of berserk rage {unknown}
 x - a potion of brilliance
 E - a potion of curing
 F - 2 potions of heal wounds {unknown}
 H - a potion of flight
 I - a potion of ambrosia {unknown}
 J - 2 potions of haste {unknown}


   Skills:
 + Level 8.0 Fighting
 + Level 10.6 Short Blades
 - Level 2.0 Throwing
 + Level 9.2 Armour
 + Level 9.8 Dodging
 - Level 5.0 Stealth
 + Level 1.5 Spellcasting
 + Level 1.7 Hexes
 + Level 4.1 Evocations


You had 11 spell levels left.
You knew the following spells:

 Your Spells              Type           Power        Failure   Level
a - Confusing Touch       Hex            2%           80%         3

Your spell library contained the following spells:

 Spells                   Type           Power        Failure   Level
 Corona                   Hex            2%           41%         1
 Animate Skeleton         Necr           0%           67%         1
 Apportation              Tloc           0%           67%         1
 Beastly Appendage        Tmut           0%           67%         1
 Summon Small Mammal      Summ           0%           67%         1
 Wereblood                Tmut           0%           80%         2
 Gell's Gravitas          Tloc           0%           95%         3
 Spider Form              Tmut/Pois      0%           95%         3
 Ice Form                 Ice/Tmut       0%           100%        4
 Petrify                  Tmut/Erth      0%           100%        4
 Blade Hands              Tmut           0%           100%        5
 Metabolic Englaciation   Hex/Ice        1%           100%        5
 Yara's Violent Unravell  Hex/Tmut       0%           100%        5


Dungeon Overview and Level Annotations

Branches:
Dungeon (12/15)            Temple (1/1) D:6            Lair (0/6) D:9
    Orc (0/2) D:9         Gauntlet (1/1)

Altars:
Ashenzari
Cheibriados
Dithmenos
Elyvilon
Fedhas
Gozag
Hepliaklqana
Kikubaaqudgha
Makhleb
Nemelex Xobeh
Okawaru
Qazlal
Ru
Sif Muna
Trog
Uskayaw
Vehumet
Wu Jian
Xom
Yredelemnul
Zin
The Shining One

Shops:
D:5 !   D:11 :

Annotations:
Gauntlet 13 transporters, exclusion: obsidian statue


Innate Abilities, Weirdness & Mutations

You are small and have problems with some larger weapons.
You are somewhat resistant to further mutation.


Message History

The ice dragon simulacrum freezes you. You resist.
* * * LOW HITPOINT WARNING * * *
The ice dragon simulacrum tramples you but does no damage.
You hit the centaur warrior simulacrum.
The centaur warrior simulacrum is almost destroyed.
The centaur warrior simulacrum misses you.
The centaur warrior simulacrum closely misses you.
You puncture the centaur warrior simulacrum!
The centaur warrior simulacrum vapourises!
The centaur warrior simulacrum misses you.
The ice dragon simulacrum bites you but does no damage.
The ice dragon simulacrum barely misses you.
The ice dragon simulacrum misses you.
You hit the centaur warrior simulacrum.
The centaur warrior simulacrum is heavily damaged.
The centaur warrior simulacrum hits you.
* * * LOW HITPOINT WARNING * * *
The centaur warrior simulacrum freezes you!
You resist.
You die...

###.#..............#8#
§≈#.#..............####
###.#############....§###
...©...........©#.....#8#
#####################.###
.......4#.#.Z#......#.#
##...##^#.#...#.....#.###
#.###.#.#.#...#Z.Z.##.#8#
.##2##^.#.#....#@##.#.###
...©....#.#...###Z..#.#
^##^##^.#.#.##.#....#.###
#.###.#.#.##....#...#.#8#
##...##.#.#.....#...#.###
.[(©.)..#.#...=©[#.!#.#
#########.###########.###
......................#8#
.....................≈###


You could see an ice dragon simulacrum and 2 centaur warrior simulacra.

Vanquished Creatures
  A slime creature (D:11)
  A two-headed ogre (D:11)
  An ugly thing (D:11)
  A centaur zombie (D:11)
  An ice statue (Gauntlet)
  A komodo dragon (D:10)
  A kobold demonologist (D:11)
  2 rime drakes (Gauntlet)
  A troll (D:9)
  2 centaur simulacra (Gauntlet)
  6 yaks (D:10)
  3 wraiths
  A neqoxec (Gauntlet)
  3 chaos spawn (Gauntlet)
  Duvessa (D:6)
  A sky beast (D:8)
  4 ice beasts
  7 orc warriors
  2 necrophages (D:10)
  4 centaurs
  4 ogres
  2 big kobolds
  5 bullfrogs
  Blork the orc (D:6)
  Dowan (D:6)
  5 scorpions
  6 killer bees (D:11)
  6 howler monkeys
  2 electric eels (D:7)
  A quasit (D:8)
  3 jellies
  4 orc priests
  11 orc wizards
  9 hounds
  A centaur skeleton (D:11)
  2 bullfrog skeletons
  2 gnoll shamans
  4 iguanas
  9 worker ants
  A hound zombie (D:8)
  2 hound skeletons
  A worker ant zombie (D:10)
  9 gnolls
  11 adders
  A white imp (D:5)
  3 ufetubi
  An ooze (D:2)
  An adder skeleton (D:8)
  2 worms
  3 dart slugs
  3 leopard geckos
  32 orcs
  A ball python (D:5)
  7 bats
  7 giant cockroaches
  11 goblins
  13 hobgoblins
  8 jackals
  4 quokkas
  12 frilled lizards
  16 kobolds
  A leopard gecko zombie (D:5)
  13 rats
285 creatures vanquished.

Vanquished Creatures (others)
  A bullfrog (D:12)
  14 demonic plants (Gauntlet)
  13 plants (D:7)
28 creatures vanquished.

Grand Total: 313 creatures vanquished

Notes
Turn   | Place    | Note
-------+----------+-------------------------------------------
     0 | D:1      | Borgoz the Halfling Gladiator began the quest for the Orb.
     0 | D:1      | Reached XP level 1. HP: 14/14 MP: 1/1
    63 | D:1      | Reached XP level 2. HP: 15/19 MP: 2/2
   265 | D:1      | Reached skill level 1 in Stealth
   351 | D:1      | Reached XP level 3. HP: 23/24 MP: 3/3
   377 | D:1      | Reached skill level 1 in Armour
   632 | D:1      | Reached skill level 4 in Short Blades
  1076 | D:2      | Reached XP level 4. HP: 29/29 MP: 4/4
  1548 | D:2      | Reached XP level 5. HP: 35/35 MP: 5/5
  2587 | D:3      | Found an opulent altar of Gozag.
  2962 | D:4      | Noticed a +0 hand axe
  2965 | D:4      | Noticed a +0 dagger
  2966 | D:4      | Found a hide-covered altar of Uskayaw.
  2990 | D:4      | Reached XP level 6. HP: 33/41 MP: 6/6
  3384 | D:4      | Found a shimmering blue altar of Sif Muna.
  3384 | D:4      | Found a radiant altar of Vehumet.
  3385 | D:4      | Found a glowing golden altar of the Shining One.
  3825 | D:5      | Entered Level 5 of the Dungeon
  3855 | D:5      | Reached skill level 5 in Short Blades
  3955 | D:5      | Found Viorocs's Distillery.
  4058 | D:5      | Found a stormy altar of Qazlal.
  4180 | D:5      | Reached XP level 7. HP: 39/43 MP: 7/7
  4490 | D:5      | Reached skill level 5 in Dodging
  4586 | D:5      | Got a jewelled tower shield
  4763 | D:5      | Found a burning altar of Makhleb.
  4941 | D:6      | Noticed Duvessa
  4942 | D:6      | Noticed Dowan
  4956 | D:6      | Killed Duvessa
  4977 | D:6      | Killed Dowan
  4978 | D:6      | Reached XP level 8. HP: 15/54 MP: 8/8
  5253 | D:6      | Found a staircase to the Ecumenical Temple.
  5268 | D:6      | Reached skill level 6 in Short Blades
  5278 | Temple   | Entered the Ecumenical Temple
  5287 | Temple   | Became a worshipper of Ashenzari the Shackled
  5466 | D:5      | Found a sacrificial altar of Ru.
  5878 | D:6      | Reached skill level 5 in Stealth
  6174 | D:6      | Noticed Blork the orc
  6189 | D:6      | Killed Blork the orc
  6194 | D:6      | Found a shimmering blue altar of Sif Muna.
  6307 | D:7      | Reached XP level 9. HP: 59/59 MP: 9/9
  6424 | D:7      | HP: 1/59 [orc warrior/+0 war axe (13)]
  6438 | D:7      | Reached skill level 5 in Armour
  6699 | D:7      | Reached skill level 7 in Short Blades
  7048 | D:7      | Reached skill level 5 in Fighting
  8707 | D:8      | Reached skill level 8 in Short Blades
  9229 | D:8      | Reached * piety under Ashenzari
  9332 | D:9      | Reached XP level 10. HP: 57/68 MP: 10/10
  9576 | D:9      | Found a staircase to the Orcish Mines.
 10136 | D:9      | Found a staircase to the Lair.
 10374 | D:10     | Entered Level 10 of the Dungeon
 10426 | D:10     | Found the +0 pair of fencer's gloves {Riposte Dex+3}
 10555 | D:10     | Reached skill level 9 in Short Blades
 10956 | D:10     | Got the uncursed ring mail "Ywammut" {Regen+ Int+8 Slay-3
                  | Stlth+}
 11092 | D:10     | Noticed a komodo dragon
 11106 | D:10     | Killed a komodo dragon
 11403 | D:10     | Reached skill level 1 in Evocations
 11797 | D:11     | Reached XP level 11. HP: 62/75 MP: 11/11
 12189 | D:11     | Noticed a brown ugly thing
 12315 | D:11     | Killed a brown ugly thing
 12316 | D:11     | Reached skill level 10 in Short Blades
 12423 | D:11     | Killed a titanic slime creature
 12452 | D:11     | Found Aschil's Book Emporium.
 12572 | D:11     | Bought a book of Misfortune for 240 gold pieces
 12576 | D:11     | Learned a level 3 spell: Confusing Touch
 12903 | D:11     | Noticed a two-headed ogre
 12925 | D:11     | Killed a two-headed ogre
 13495 | D:11     | Got the cursed scale mail of Intercession {rElec Str+6}
 13575 | D:12     | Noticed a deep elf mage
 13649 | D:11     | Reached skill level 1 in Hexes
 13696 | D:11     | Reached skill level 1 in Spellcasting
 13709 | D:12     | Noticed a deep elf mage
 13730 | D:12     | Noticed a two-headed ogre
 13735 | D:12     | Found a gate leading to a gauntlet.
 13744 | Gauntlet | Entered a Gauntlet
 13744 | Gauntlet | Found a transporter.
 13895 | Gauntlet | Found a transporter.
 13910 | Gauntlet | Found a transporter.
 13915 | Gauntlet | Found a transporter.
 13915 | Gauntlet | Noticed a green death
 13931 | Gauntlet | Identified the +1 pair of gloves "Utee" {+Inv}
 13932 | Gauntlet | Found a transporter.
 13935 | Gauntlet | Identified the ring of Henotheism {*Contam +Blink rN+ Int+4
                  | Stlth+}
 13950 | Gauntlet | Found a transporter.
 13958 | Gauntlet | Noticed a moth of wrath
 13962 | Gauntlet | Found a transporter.
 13974 | Gauntlet | Found a transporter.
 13974 | Gauntlet | Noticed an obsidian statue
 13982 | Gauntlet | Noticed a cyan ugly thing
 13984 | Gauntlet | Noticed a purple ugly thing
 13986 | Gauntlet | Found a transporter.
 13995 | Gauntlet | Found a transporter.
 14003 | Gauntlet | Noticed a catoblepas
 14017 | Gauntlet | Found a transporter.
 14032 | Gauntlet | Found a transporter.
 14034 | Gauntlet | Found a transporter.
 14035 | Gauntlet | Noticed a wizard
 14061 | Gauntlet | Found a transporter.
 14074 | Gauntlet | Found a transporter.
 14125 | Gauntlet | Found a transporter.
 14126 | Gauntlet | Found a transporter.
 14130 | Gauntlet | Found a transporter.
 14305 | Gauntlet | Got the cursed helmet of Failure {Int+2 Dex+4}
 14532 | Gauntlet | Identified the +5 ring mail "Ywammut" {Regen+ Int+8 Slay-3
                  | Stlth+} (You found it on level 10 of the Dungeon)
 14552 | Gauntlet | Identified the cursed -4 helmet of Failure {Int+2 Dex+4}
                  | (You found it in a Gauntlet)
 14562 | Gauntlet | Identified the cursed +1 scale mail of Intercession {rElec
                  | Str+6} (You found it on level 11 of the Dungeon)
 14609 | Gauntlet | Reached XP level 12. HP: 82/82 MP: 14/14
 14612 | Gauntlet | HP: 1/82 [ice dragon simulacrum (14)]
 14620 | Gauntlet | HP: 3/82 [centaur warrior simulacrum (2)]
 14620 | Gauntlet | Mangled by a centaur warrior simulacrum

Illustrated notes

Levels and vault maps discovered:
D:1:      dpeg_arrival_arbitrary_c, layout_loops_ring, minmay_cut_off
D:2:      minmay_thinvault, layout_basic
D:3:      layout_basic, grunt_gozag_statues, minmay_starry_boxes
D:4:      layout_basic, gammafunk_temple_overflow_forgotten,
          dancing_weapons_uskayaw
D:5:      lemuel_upstairs_altar, layout_loops_ring, kennysheep_mini,
          overflow_temple_1_default, serial_shops, nicolae_shop_statue_plus
D:6:      layout_rooms, minmay_temple_entry_large_hall, tgw_sif, uniq_duvessa
D:7:      layout_loops_cross, minivault_11, serial_bayou_pond_d,
          kennysheep_flooded_box, chequers_big_river, kennysheep_generic_room_7
D:8:      layout_loops_ring
D:9:      layout_loops_corners, lair_entry_dummy, orc_0_dummy
D:10:     layout_roguey
D:11:     layout_basic, serial_shops, nicolae_shop_crystal
D:12:     layout_cross, nicolae_trove_entry_crossroad, gauntlet_entry_generic,
          minmay_nine_imps
Temple:   regret_index_temple_waves
Gauntlet: gammafunk_gauntlet_one_two_three
          [gammafunk_gauntlet_arena_arrow_garden,
          nicolae_gauntlet_arena_grate_2, nicolae_gauntlet_arena_blocks,
          gammafunk_gauntlet_arena_spirals,
          gammafunk_gauntlet_arena_split_diamond,
          gammafunk_gauntlet_arena_crates, nicolae_gauntlet_arena_t_cross,
          gammafunk_gauntlet_arena_corners, nicolae_gauntlet_swirl,
          gauntlet_exit_watery]

Skill      XL: |  1  2  3  4  5  6  7  8  9 10 11 |
---------------+----------------------------------+-----
Fighting       | 2 3 4 5 7 8 |  8.0
Stealth        | 1 2 3 4 5 |  5.0
Armour         | 1 2 3 4 6 8 9 |  9.2
Short Blades   | 4 5 6 8 9 10 | 10.6
Dodging        | 4 5 6 7 8 9 |  9.8
Evocations     | 1 4 |  4.1
Hexes          | 1 |  1.7
Spellcasting   | 1 |  1.5
Throwing       | |  2.0

Action                   |  1- 3 |  4- 6 |  7- 9 | 10-12 || total
-------------------------+-------+-------+-------+-------++-------
Melee: Rapier            |    91 |   245 |   222 |   135 ||   693
       Dagger            |       |       |   260 |       ||   260
       Short sword       |       |       |    90 |   632 ||   722
Throw: Throwing net      |       |       |     6 |    11 ||    17
Invok: Curse Item        |       |       |       |     1 ||     1
Evoke: Wand              |       |       |    12 |     1 ||    13
  Use: Scroll            |     3 |     8 |     5 |    10 ||    26
       Potion            |       |       |     8 |     5 ||    13
 Stab: Sleeping          |     4 |     4 |    11 |     8 ||    27
       Paralysed         |       |       |     4 |     4 ||     8
       Held in net/web   |       |       |     5 |    11 ||    16
Armor: Leather armour    |    14 |    13 |       |       ||    27
       Ring mail         |       |    41 |    88 |    79 ||   208
       Skin              |       |       |     7 |     6 ||    13
       Scale mail        |       |       |       |    18 ||    18
Dodge: Dodged            |    77 |   190 |   331 |   451 ||  1049
       Rpst.: Short sword |       |       |       |    65 ||    65
       Rapier            |       |       |       |    27 ||    27

Table legend: (Time is in decaauts)
 A = Elapsed time spent in this place.
 B = Non-inter-level travel time spent in this place.
 C = Inter-level travel time spent in this place.
 D = Time resting spent in this place.
 E = Time spent auto-exploring this place.
 F = Levels seen in this place.
 G = Mean time per level.
                   A        B        C        D        E       F      G
               +--------+--------+--------+--------+--------+-----+--------+
         Total |  13997 |  13568 |    429 |   3442 |   7407 |  14 |  999.8 |
       Dungeon |  13011 |  12638 |    373 |   3074 |   7121 |  12 | 1084.2 |
        Temple |    134 |     78 |     56 |      0 |     72 |   1 |  134.0 |
      Gauntlet |    852 |    852 |      0 |    368 |    213 |   1 |  852.0 |
               +--------+--------+--------+--------+--------+-----+--------+

Top non-repeatable levels by time:
     D:7: 1931 daAuts
    D:11: 1747 daAuts
    D:10: 1264 daAuts
     D:2: 1167 daAuts
     D:5: 1125 daAuts
     D:6: 1087 daAuts
     D:4: 1036 daAuts
     D:9: 1005 daAuts
     D:8: 974 daAuts
     D:3: 859 daAuts
Gauntlet: 852 daAuts
     D:1: 752 daAuts
  Temple: 134 daAuts
    D:12: 59 daAuts
